 Dungeon Crawl Stone Soup version 0.31-a0-507-gbafd7f5274 (webtiles) character file.

Game seed: 12984366768614273245

1884 Midn8 the Trooper (level 9, -1/63 HPs)
             Began as an Octopode Shapeshifter on Aug 9, 2023.
             Was a Follower of Okawaru.
             Slain by an ice beast (4 damage)
             ... on level 7 of the Dungeon.
             The game lasted 00:15:53 (4797 turns).

Midn8 the Trooper (Octopode Shapeshifter)           Turns: 4797, Time: 00:15:54

Health: -1/63      AC:  1    Str: 14    XL:     9   Next: 14%
Magic:  12/12      EV: 15    Int: 10    God:    Okawaru [*.....]
Gold:   375        SH:  0    Dex: 23    Spells: 8/8 levels left

rFire   + .          .
                       - Unarmed
rCold   . . .        (shield currently unavailable)
rNeg    . . .        (helmet restricted)
rPois   +            H - amulet of faith
rElec   .            e - ring of resist corrosion
rCorr   +            i - +6 ring of dexterity
SInv    .            y - ring of poison resistance
Will    .....        J - ring of protection from fire
Stlth   +            (no ring)
HPRegen 0.30/turn    (no ring)
MPRegen 0.13/turn    (no ring)
                     (no ring)

%: faith
@: flux-form, glowing
A: glow, contaminating, almost no armour, amphibious, 8 rings, camouflage 1,
gelatinous body 1, (nimble swimmer 1), tentacles
a: Begin Untransformation, Renounce Religion, Heroism


You were on level 7 of the Dungeon.
You worshipped Okawaru.
Okawaru was aware of your devotion.
You were something dangerously unstable.
You visited 2 branches of the dungeon, and saw 8 of its levels.
You also visited: Ossuary.

You collected 565 gold pieces.
You spent 190 gold pieces at shops.

Inventory:

Missiles
 G - 3 curare-tipped darts
Armour
 v - an orb of light
Jewellery
 e - a ring of resist corrosion (left tentacle)
 i - a +6 ring of dexterity (right tentacle)
 u - an amulet of the acrobat
 y - a ring of poison resistance (on tentacle)
 H - an amulet of faith (around mantle)
 J - a ring of protection from fire (on tentacle)
 K - an amulet of magic regeneration
Talismans
 b - a beast talisman
 c - a flux talisman (active)
 I - a serpent talisman
Wands
 r - a wand of roots (3) (quivered)
Scrolls
 f - 2 scrolls of enchant armour {unknown}
 j - 3 scrolls of noise {unknown}
 l - a scroll of immolation {unknown}
 m - 2 scrolls of amnesia
 n - 2 scrolls of vulnerability {unknown}
 o - a scroll of silence {unknown}
 p - a scroll of blinking {unknown}
 q - a scroll of teleportation {unknown}
 s - 2 scrolls of poison {unknown}
 t - 4 scrolls of enchant weapon
 w - a scroll of brand weapon {unknown}
 C - a scroll of fear {unknown}
 D - a scroll of revelation {unknown}
 F - a scroll of identify
Potions
 a - 3 potions of lignification
 d - a potion of brilliance {unknown}
 g - a potion of magic {unknown}
 h - 2 potions of berserk rage
 k - 4 potions of curing
 x - 3 potions of ambrosia {unknown}
 z - 3 potions of resistance
 A - 3 potions of haste {unknown}
 B - 2 potions of might {unknown}
 E - 2 potions of invisibility {unknown}
 L - 2 potions of heal wounds
 M - a potion of enlightenment {unknown}


   Skills:
 + Level 6.9 Fighting
 - Level 3.2 Dodging
 - Level 6.0 Unarmed Combat
 - Level 4.0 Invocations
 - Level 6.0 Shapeshifting


You had 8 spell levels left.
You didn't know any spells.
Your spell library contained the following spells:

 Spells                   Type           Power      Damage    Failure   Level
 Cigotuvi's Dreadful Rot  Necr/Pois/Air  0%         N/A       50%         2
 Lesser Beckoning         Tloc           0%         N/A       50%         2
 Gell's Gravitas          Tloc           0%         N/A       75%         3
 Ignite Poison            Fire/Tmut/Pois 0%         N/A       75%         3
 Teleport Other           Tloc           0%         N/A       75%         3
 Olgreb's Toxic Radiance  Pois           0%         N/A       98%         4
 Freezing Cloud           Conj/Ice/Air   0%         6-21      100%        5
 Discord                  Hex            0%         N/A       100%        8
 Ignition                 Fire           0%         3d3       100%        8


Dungeon Overview and Level Annotations

Branches:
Dungeon (7/15)             Temple (1/1) D:6         Ossuary (visited)

Altars:
Ashenzari
Cheibriados
Dithmenos
Elyvilon
Gozag
Hepliaklqana
Kikubaaqudgha
Makhleb
Nemelex Xobeh
Okawaru
Qazlal
Ru
Sif Muna
Trog
Uskayaw
Wu Jian
Yredelemnul
Zin
The Shining One

Shops:
D:3 (*!!=   D:6 [   D:7 *

Annotations:
D:3 1 transporter, Mightysalt's ghost, weakling VSBr


Innate Abilities, Weirdness & Mutations

You are something dangerously unstable.
You glow with magical radiation, making you easy to see and hit.
Foes you strike become dangerously contaminated with magical radiation.
You are incapable of wielding weapons or throwing items.
You cannot wear most types of armour.
You are amphibious.
You can wear up to eight rings at the same time.
Your skin changes colour to match your surroundings (Stealth+).
Your rubbery body absorbs attacks. (AC +1, EV +1)
((You are camouflaged when in or above water. (Stealth+)))
You have tentacles for arms and can constrict up to eight enemies at once.


Message History

Something shocks you.
* * * LOW HITPOINT WARNING * * *
You tentacle-slap something. Okawaru accepts your kill.
Reactivating autopickup.
You feel a bit more experienced.
You start resting.
An iguana comes into view.
An ice beast comes into view.
You barely miss the ice beast. You closely miss the ice beast.
You squeeze the ice beast.
The ice beast is lightly wounded.
The ice beast hits you. The ice beast freezes you.
* * * LOW HITPOINT WARNING * * *
You tentacle-slap the ice beast but do no damage.
The ice beast begins to glow.
The ice beast is lightly wounded.
The ice beast hits you but does no damage.
You tentacle-slap the ice beast.
The ice beast glows dangerously bright.
The ice beast is moderately wounded.
The ice beast barely misses you.
You tentacle-slap the ice beast but do no damage.
The ice beast shudders as magic cascades through it.
The ice beast twists and deforms.
The ice beast is moderately wounded.
The ice beast hits you.
* * * LOW HITPOINT WARNING * * *
The ice beast freezes you!
* * * LOW HITPOINT WARNING * * *
You tentacle-slap the ice beast.
The ice beast begins to glow.
You squeeze the ice beast.
The ice beast is heavily wounded.
The ice beast misses you.
You tentacle-slap the ice beast.
The ice beast glows dangerously bright.
Your squeeze misses the ice beast.
The ice beast is severely wounded.
The ice beast hits you.
* * * LOW HITPOINT WARNING * * *
The ice beast freezes you.
You die...

#.... #... ##...### . #...
####...l..# #####.
....#.....†...###..#.. # #..#..
#.†...#......
#.###.#.####.l..........
........##...)....).....
............#######..... ..
.......BY...## ####..... ...
.............###..##....
...#####.............##........o
................................
##..................#..........
#..........###......##.........
#.......###.......##....<....
###..##.#....>..............# ..
#....#.#..................##


You could see an ice beast (heavy contam, misshapen) and an iguana.

Vanquished Creatures
  A wyvern (D:6)
  An orc warrior (D:7)
  2 ice beasts
  A sky beast (D:7)
  A phantom (D:4)
  An elf zombie (Ossuary)
  A bullfrog (D:7)
  5 scorpions
  3 jellies
  A howler monkey (D:6)
  Crazy Yiuf (D:4)
  4 hounds
  A human zombie (Ossuary)
  A gnoll bouda (D:5)
  2 sleepcaps
  3 iguanas
  3 orc wizards
  2 hound zombies (Ossuary)
  4 mummies (Ossuary)
  5 gnolls (D:5)
  6 adders
  A shadow imp (D:5)
  A worm zombie (D:6)
  4 dart slugs
  A worm (D:4)
  14 orcs
  5 bats
  8 endoplasms
  2 giant cockroaches
  A gnoll zombie (Ossuary)
  5 hobgoblins
  7 jackals
  7 kobolds
  2 quokkas
  5 ball pythons
  3 frilled lizards
  8 goblins
  3 goblin zombies (Ossuary)
  A jackal zombie (Ossuary)
  A kobold zombie (Ossuary)
  9 rats
  2 rat zombies (Ossuary)
139 creatures vanquished.

Notes
Turn   | Place    | Note
-------+----------+-------------------------------------------
     0 | D:1      | Midn8 the Octopode Shapeshifter began the quest for the
                  | Orb.
     0 | D:1      | Reached XP level 1. HP: 13/13 MP: 1/1
    69 | D:1      | Reached XP level 2. HP: 18/18 MP: 2/2
   416 | D:1      | Reached XP level 3. HP: 21/23 MP: 3/3
  1109 | D:3      | Found Ohuliz's General Store.
  1116 | D:2      | Reached XP level 4. HP: 18/28 MP: 4/4
  1274 | D:3      | Bought a potion of heal wounds for 60 gold pieces
  1287 | D:3      | You fall into a shaft and drop 1 floor!
  1288 | D:4      | Noticed a phantom
  1304 | D:4      | Killed a phantom
  1305 | D:4      | Reached skill level 5 in Shapeshifting
  1305 | D:4      | Reached XP level 5. HP: 16/33 MP: 5/5
  1374 | D:4      | Found a glowing golden altar of the Shining One.
  1528 | D:3      | Found a transporter.
  1530 | D:3      | Noticed Mightysalt's ghost (weakling VSBr)
  1576 | D:3      | Found Jutedwuq's Jewellery Shoppe.
  1595 | D:3      | Found a faded altar of an unknown god.
  1610 | D:3      | Found Wuimaff's Distillery.
  1645 | D:3      | Bought a potion of resistance for 130 gold pieces
  1750 | D:3      | Found Wygev's Weapon Shop.
  1851 | D:3      | Found Saxoimus's Distillery.
  1990 | D:4      | Reached XP level 6. HP: 37/38 MP: 6/6
  2289 | D:4      | Found a runed translucent door.
  2290 | D:4      | Noticed Crazy Yiuf
  2296 | D:4      | Killed Crazy Yiuf
  2426 | D:5      | Entered Level 5 of the Dungeon
  2606 | D:5      | Reached XP level 7. HP: 39/46 MP: 7/7
  2836 | D:5      | Found a snail-covered altar of Cheibriados.
  2870 | D:5      | Reached skill level 5 in Fighting
  3056 | D:5      | Reached XP level 8. HP: 53/57 MP: 8/8
  3413 | D:6      | Identified the +1 mace "Qugilatamo" {venom, Int+2}
  3449 | D:6      | Noticed a wyvern
  3462 | D:6      | Killed a wyvern
  3544 | D:6      | Found a staircase to the Ecumenical Temple.
  3548 | Temple   | Entered the Ecumenical Temple
  3556 | Temple   | Became a worshipper of Warmaster Okawaru
  3592 | D:6      | Reached skill level 5 in Unarmed Combat
  3613 | D:6      | Found an ancient bone altar of Kikubaaqudgha.
  3617 | D:6      | Found a bloodstained altar of Trog.
  3751 | D:6      | Found an ornate altar of the Wu Jian Council.
  3943 | D:6      | Found a sand-covered staircase.
  3955 | Ossuary  | Entered an ossuary
  3987 | Ossuary  | Reached skill level 1 in Invocations
  4375 | D:6      | Found Ujeyzan's Antique Armour Shoppe.
  4445 | D:6      | Found an opulent altar of Gozag.
  4596 | D:7      | Found Pazofot's Assorted Antiques.
  4716 | D:7      | Reached XP level 9. HP: 60/62 MP: 10/12
  4767 | D:7      | Reached * piety under Okawaru
  4797 | D:7      | HP: 3/63 [ice beast (3)]
  4797 | D:7      | Slain by an ice beast

Illustrated notes

Levels and vault maps discovered:
D:1:      scummos_arrival_star, layout_loops_ring, minmay_hexomino_f4
D:2:      layout_rooms, minmay_three_crescents
D:3:      layout_loops_ring, serial_shops, shop, nicolae_shop_gibbet_a_chance,
          shop, nicolae_shop_waterfront, nicolae_shop_hallway_plus,
          gammafunk_ghost_mausoleum, basic_ecumenical_altar, hex_large,
          dreamdust_princess_corridor, minmay_circle_x
D:4:      layout_gridville, mainiacjoe_overflow_brackets,
          uniq_crazy_yiuf_cottage
D:5:      layout_gridville, kennysheep_slug_shrine, minmay_crossroads
D:6:      layout_basic, grunt_gozag_breadcrumbs, nzn_wu_jian_contemplation,
          minitemple, temple_hall_moat, serial_shops, nicolae_lakefront_shop,
          enter_ossuary_3
D:7:      layout_cave_pools, led_xom_imps, serial_shops, shop, shop
Temple:   hellmonk_temple_forest_ring

Skill      XL: |  1  2  3  4  5  6  7  8 |
---------------+-------------------------+-----
Shapeshifting  | 4 5 6 |  6.0
Fighting       | 3 6 |  6.9
Dodging        | 3 |  3.2
Unarmed Combat | 6 |  6.0
Invocations    | 4 |  4.0

Action                     |  1- 3 |  4- 6 |  7- 9 || total
---------------------------+-------+-------+-------++-------
  Melee: Unarmed           |    69 |   105 |   187 ||   361
         Constrict         |    16 |    32 |    45 ||    93
         Tentacles         |     9 |    27 |    52 ||    88
         Punch             |     1 |       |     1 ||     2
  Evoke: Wand              |       |     1 |     1 ||     2
    Use: Scroll            |     2 |     3 |       ||     5
         Potion            |       |       |     2 ||     2
   Stab: Sleeping          |     8 |     2 |     2 ||    12
         Distracted        |       |       |     1 ||     1
 Armour: Skin              |    12 |     4 |    82 ||    98
  Dodge: Dodged            |    52 |    72 |   123 ||   247
   Form: Flux              |     1 |       |       ||     1

Table legend: (Time is in decaauts)
 A = Elapsed time spent in this place.
 B = Non-inter-level travel time spent in this place.
 C = Inter-level travel time spent in this place.
 D = Time resting spent in this place.
 E = Time spent auto-exploring this place.
 F = Levels seen in this place.
 G = Mean time per level.
                   A        B        C        D        E       F      G
               +--------+--------+--------+--------+--------+-----+--------+
         Total |   4769 |   4504 |    265 |   1059 |   2017 |   9 |  529.9 |
       Dungeon |   4421 |   4163 |    258 |    925 |   1987 |   7 |  631.6 |
        Temple |     16 |      9 |      7 |      0 |      0 |   1 |   16.0 |
       Ossuary |    331 |    331 |      0 |    134 |     30 |   1 |  331.0 |
               +--------+--------+--------+--------+--------+-----+--------+

Top non-repeatable levels by time:
     D:5: 972 daAuts
     D:6: 830 daAuts
     D:3: 724 daAuts
     D:1: 666 daAuts
     D:4: 582 daAuts
     D:2: 444 daAuts
 Ossuary: 331 daAuts
     D:7: 199 daAuts
  Temple: 16 daAuts
